 Dungeon Crawl Stone Soup version 0.24-a0-169-g71aafec (webtiles) character file.

Game seed: 15460126719497618114

100 silenth the Digger (level 4, -2/24 HPs)
             Began as a Deep Elf Earth Elementalist on Mar 7, 2019.
             Slain by a crocodile (3 damage)
             ... in a sewer.
             The game lasted 00:04:33 (1940 turns).

silenth the Digger (Deep Elf Earth Elementalist)    Turns: 1940, Time: 00:04:34

Health: -2/24      AC:  2    Str:  5    XL:     4   Next: 47%
Magic:  0/12       EV: 13    Int: 21    God:
Gold:   111        SH:  0    Dex: 15    Spells: 5/11 levels left

rFire    . . .     SeeInvis .   j - +0 dagger
rCold    . . .     Gourm    .   (no shield)
rNeg     . . .     Faith    .   c - +0 robe
rPois    .         Spirit   +   (no helmet)
rElec    .         Reflect  .   (no cloak)
rCorr    .         Harm     .   (no gloves)
MR       .....                  (no boots)
Stlth    +.........             g - amulet of guardian spirit
HPRegen  0.08/turn              (no ring)
MPRegen  0.13/turn              (no ring)

@: very slightly contaminated, invisible, very slow
A: no striking features
a: no special abilities


You were in a sewer.
You were not hungry.

You visited 1 branch of the dungeon, and saw 3 of its levels.
You also visited: Sewer.

You collected 111 gold pieces.

Inventory:

Hand Weapons
 j - a +0 dagger (weapon)
Missiles
 b - 31 stones (quivered)
Armour
 c - a +0 robe (worn)
Jewellery
 g - an amulet of guardian spirit (around neck)
Scrolls
 a - 2 scrolls of random uselessness {unknown}
 f - 3 scrolls of teleportation
 r - 2 scrolls of remove curse
Potions
 d - a potion of flight {unknown}
 h - a potion of magic
 i - a potion of degeneration {unknown}
 m - a potion of lignification
 n - 2 potions of might {unknown}
Comestibles
 e - a ration


   Skills:
 - Level 2.4 Dodging
 + Level 3.0 Stealth
 + Level 4.1 Spellcasting
 * Level 1.4 Conjurations
 - Level 1.1 Transmutations
 * Level 4.8 Earth Magic


You had 5 spell levels left.
You knew the following spells:

 Your Spells              Type           Power        Failure   Level  Hunger
a - Sandblast             Erth           ###...       1%          1    None
b - Passwall              Tmut/Erth      ###.....     5%          2    #......
c - Stone Arrow           Conj/Erth      ###...       10%         3    ###....

Your spell library contained the following spells:

 Spells                   Type           Power        Failure   Level  Hunger
 Petrify                  Tmut/Erth      ###.....     34%         4    ####...
 Lee's Rapid Deconstruct  Erth           ###.......   43%         5    ######.


Dungeon Overview and Level Annotations

Branches:
Dungeon (3/15)

Altars:
Kikubaaqudgha


Message History

Press: ? - help, Shift-Dir - straight line, f/p - crocodile
Aim: a crocodile (lightly wounded)
The stone arrow misses the crocodile.
You fade into invisibility!
The crocodile misses you.
You are very lightly contaminated with residual magic.
You hit the crocodile but do no damage.
The crocodile is lightly wounded.
The crocodile barely misses you.
You closely miss the crocodile.
The crocodile is lightly wounded.
The crocodile bites you!
You enter the shallow water.
Moving in this stuff is going to be slow. ...and don't expect to remain undetected.
The crocodile bites you!!
Ouch! That really hurt!
* * * LOW HITPOINT WARNING * * *
The crocodile bites you.
You die...

▒.....▒
▒....≈▒▒
▒...▒≈..▒
▒≈≈▒▒▒..▒▒
▒.≈. ▒...▒
▒..▒ ▒▒.≈▒
▒.. ▒..▒
▒..▒ ▒▒t@▒
▒≈≈.▒
▒▒..▒▒
▒≈..▒
▒...≈.▒▒
▒..≈≈≈▒
▒▒...▒▒
▒≈.≈ ≈▒≈▒


You could see a crocodile.

Vanquished Creatures
  5 adders
  A worm (D:2)
  3 dart slugs
  2 leopard geckos
  2 ball pythons (D:2)
  2 bats
  A giant cockroach (D:1)
  5 goblins (D:1)
  8 hobgoblins
  2 jackals (Sewer)
  A quokka (D:3)
  2 frilled lizards (D:3)
  8 kobolds
  6 rats
48 creatures vanquished.

Notes
Turn   | Place    | Note
-------+----------+-------------------------------------------
     0 | D:1      | silenth the Deep Elf Earth Elementalist began the quest for
                  | the Orb.
     0 | D:1      | Reached XP level 1. HP: 10/10 MP: 6/6
   205 | D:1      | Reached XP level 2. HP: 15/15 MP: 1/8
   382 | D:1      | Learned a level 2 spell: Passwall
   500 | D:1      | Reached skill level 4 in Earth Magic
  1062 | D:2      | Reached XP level 3. HP: 19/19 MP: 7/10
  1070 | D:2      | Learned a level 3 spell: Stone Arrow
  1109 | D:2      | Found an ancient bone altar of Kikubaaqudgha.
  1426 | D:2      | Reached skill level 1 in Conjurations
  1426 | D:2      | Reached XP level 4. HP: 24/24 MP: 8/11
  1452 | D:2      | Reached skill level 4 in Spellcasting
  1461 | D:2      | Found a faded altar of an unknown god.
  1702 | D:3      | Reached skill level 3 in Stealth
  1878 | D:3      | Found a glowing drain.
  1882 | Sewer    | Entered a sewer
  1927 | Sewer    | Noticed a crocodile
  1940 | Sewer    | HP: 1/24 [crocodile (14)]
  1940 | Sewer    | Slain by a crocodile

Levels and vault maps discovered:
D:1:      dpeg_arrival_castle, layout_basic, minivault_14, serial_bayou_pond_a,
          minmay_heptomino_w4
D:2:      layout_basic, kiku_gazebo_pond_becter,
          chequers_ecumenical_altar_simple, serial_rivers,
          chequers_serial_rivers_marsh, chequers_serial_rivers_micro_e,
          chequers_serial_rivers_small_3, chequers_serial_rivers_micro_b,
          chequers_serial_rivers_micro_a, chequers_serial_rivers_micro_a
D:3:      layout_basic, gup_sewer_entry_bowl, minmay_misc_feat_four_crosses,
          dk_noncrumbling_4, kennysheep_decorative_pillar, uniq_grinder
Sewer:    sewer_the_crocodile

Skill      XL: |  1  2  3  4 |
---------------+-------------+-----
Earth Magic    | 4 |  4.8
Conjurations   | 1 |  1.4
Spellcasting   | 4 |  4.1
Stealth        | 3 |  3.0
Dodging        | |  2.4
Transmutations | |  1.1

Action                   |  1- 3 |  4- 6 || total
-------------------------+-------+-------++-------
Melee: Unarmed           |     5 |       ||     5
       Dagger            |       |    21 ||    21
 Cast: Sandblast         |    42 |    17 ||    59
       Stone Arrow       |       |     2 ||     2
  Use: Scroll            |       |     7 ||     7
       Potion            |       |     1 ||     1
  Eat: Chunk             |     1 |     2 ||     3
Armor: Robe              |     1 |     3 ||     4
Dodge: Dodged            |    11 |    15 ||    26

Table legend:
 A = Non-vault XP
 B = Vault XP
 C = Vault XP percentage of total XP
 D = Non-vault monster count
 E = Vault monster count
 F = Vault count percentage of total count
                 A         B        C        D         E       F
            +---------+---------+-------+---------+---------+-------
      Total |     125 |      19 |  13.2 |      36 |      12 |  25.0
            +---------+---------+-------+---------+---------+-------
        D:1 |      27 |       8 |  22.9 |      13 |       5 |  27.8
        D:2 |      75 |       0 |   0.0 |      15 |       0 |   0.0
        D:3 |      23 |       4 |  14.8 |       8 |       2 |  20.0
      Sewer |       0 |       7 | 100.0 |       0 |       5 | 100.0
            +---------+---------+-------+---------+---------+-------
